 Dungeon Crawl Stone Soup version 0.23.2-1-ga50397a (webtiles) character file.

Game seed: 8269168452507767986

104 Labyrinth the Ruffian (level 4, -1/37 HPs)
             Began as a Ghoul Warper on May 18, 2019.
             Was an Initiate of Sif Muna.
             Shot with a stone by a goblin (6 damage)
             ... on level 3 of the Dungeon on May 20, 2019.
             The game lasted 00:26:02 (2837 turns).

Labyrinth the Ruffian (Ghoul Warper)                Turns: 2837, Time: 00:26:03

Health: -1/37      AC:  3    Str: 14    XL:     4   Next: 80%
Magic:  5/6        EV: 12    Int:  9    God:    Sif Muna [......]
Gold:   196        SH:  0    Dex: 12    Spells: 0/7 levels left

rFire    . . .     SeeInvis .     - Unarmed
rCold    + . .     Gourm    .   (no shield)
rNeg     + + +     Faith    .   o - +0 leather armour
rPois    ∞         Spirit   .   (no helmet)
rElec    .         Reflect  .   (no cloak)
rCorr    .         Harm     +   (no gloves)
MR       .....                  (no boots)
Stlth    +.........             p - amulet of harm (curse)
HPRegen  0.00/turn              m - +4 ring of dexterity
MPRegen  0.10/turn              q - ring of wizardry

@: very slightly contaminated, rotting
A: rotting body, claws 1, carnivore, cold resistance 1, negative energy
resistance 3, inhibited regeneration, torment resistance, unbreathing
a: Renounce Religion


You were on level 3 of the Dungeon.
You worshipped Sif Muna.
Sif Muna was noncommittal.
You were not hungry.

You visited 1 branch of the dungeon, and saw 3 of its levels.

You collected 196 gold pieces.

Inventory:

Hand Weapons
 j - a +0 dagger
 l - a +0 short sword
 C - a +2 vampiric hand axe
Missiles
 b - 43 bolts
 d - 3 tomahawks of dispersal
 e - 13 poisoned needles
 g - 30 stones
 h - 55 arrows
 w - 18 sling bullets
 B - 10 tomahawks (quivered)
Armour
 o - a +0 leather armour (worn)
 D - a +0 cloak
Jewellery
 k - a +3 ring of dexterity
 m - a +4 ring of dexterity (left claw)
 p - a cursed amulet of harm (around neck)
 q - a ring of wizardry (right claw)
 r - an uncursed amulet of guardian spirit
 z - an uncursed ring of fire
 A - an uncursed ring of protection from cold {unknown}
Wands
 y - a wand of acid (6)
Scrolls
 c - a scroll of blinking
 i - a scroll of noise
 t - a scroll of immolation {unknown}
 F - a scroll of random uselessness {unknown}
 G - a scroll of teleportation {unknown}
Potions
 a - a potion of haste
 n - 2 potions of resistance
 s - a potion of brilliance
 u - a potion of mutation {unknown}
 x - a potion of invisibility {unknown}
 E - a potion of degeneration {unknown}
Comestibles
 f - 5 rations


   Skills:
 + Level 2.4 Fighting
 + Level 1.9 Throwing
 + Level 1.7 Armour
 + Level 2.3 Dodging
 + Level 0.2 Stealth
 + Level 3.2 Unarmed Combat
 + Level 2.1 Spellcasting
 + Level 2.7 Translocations


You couldn't memorise any spells.
You knew the following spells:

 Your Spells              Type           Power        Failure   Level  Hunger
a - Blink                 Tloc           N/A          9%          2    ###....
b - Shroud of Golubria    Chrm/Tloc      #.........   14%         2    ###....
c - Gell's Gravitas       Tloc           #.........   16%         3    ####...

Your spell library contained the following spells:

 Spells                   Type           Power        Failure   Level  Hunger
 Lesser Beckoning         Tloc           #.........   16%         3    ####...
 Teleport Other           Tloc           #.......     16%         3    ####...
 Passage of Golubria      Tloc           N/A          45%         4    #####..


Dungeon Overview and Level Annotations

Branches:
Dungeon (3/15)

Altars:
Ashenzari
Sif Muna
Uskayaw


Innate Abilities, Weirdness & Mutations

Your body is rotting away.
You thrive on raw meat.
You are immune to poison.
You have sharp fingernails.
You are carnivorous and can eat meat at any time.
Your flesh is cold resistant. (rC+)
You are immune to negative energy. (rN+++)
You do not regenerate when monsters are visible.
You are immune to unholy pain and torment.
You can survive without breathing.


Message History

* * * LOW HITPOINT WARNING * * *
Your shroud falls apart!
Okay, then.
Unknown command.
Blink to where?
Press: ? - help, Dir - move target cursor You are very lightly contaminated with residual magic.
As you read the scroll of blinking, it crumbles to dust.
A goblin comes into view. It is wielding a +0 club.
The goblin shouts!
The goblin unwields a +0 club.
The goblin wields a +0 hunting sling.
The goblin shoots a stone.
The stone hits you.
* * * LOW HITPOINT WARNING * * *
You see here a stone.
Some of the chunks of flesh in your inventory have rotted away.
Eat a chunk of flesh? (ye/n/q)
You eat the chunk of flesh.
This raw flesh tastes great!
The goblin shoots a stone.
The stone closely misses you.
The goblin shoots a stone.
The stone hits you.
You die...

..g.......#.#.#.#.#.# #
..........#.#.#.#.#.####
......g.w.#.#.#.#.#.#.#
#####.#(#.....#.#.#...#
# #.#.#.#.......#.#
#.#.#.#.#.#.#.#.#
#.#§#.#.#.#.#.#.#
#(#w#.#.#^#.#.#.#
#@#.#.#.#.#.#.#.#
#.#.#.#.#.#.#.#.#
#.#.#...#.#.#.#.## #.#.#
###.#.#.#... #.#.# #.#..
#### #.#.. #.# #.#


You could see a worm and a goblin.

Vanquished Creatures
  3 adders (D:2)
  3 dart slugs
  A worm (D:3)
  3 leopard geckos
  5 orcs (D:3)
  2 ball pythons
  4 giant cockroaches
  7 goblins
  6 hobgoblins
  A quokka (D:2)
  4 bats
  4 frilled lizards
  11 kobolds
  9 rats
63 creatures vanquished.

Notes
Turn   | Place    | Note
-------+----------+-------------------------------------------
     0 | D:1      | Labyrinth the Ghoul Warper began the quest for the Orb.
     0 | D:1      | Reached XP level 1. HP: 17/17 MP: 2/2
   374 | D:1      | Reached skill level 1 in Throwing
   374 | D:1      | Reached XP level 2. HP: 16/25 MP: 3/3
   524 | D:1      | Learned a level 2 spell: Blink
   527 | D:1      | Learned a level 2 spell: Shroud of Golubria
   770 | D:1      | Reached skill level 1 in Armour
   801 | D:1      | Reached XP level 3. HP: 30/30 MP: 5/5
   982 | D:2      | Found a faded altar of an unknown god.
  1097 | D:2      | Reached XP level 4. HP: 13/37 MP: 6/6
  1150 | D:2      | Reached skill level 3 in Unarmed Combat
  1434 | D:2      | Found a shattered altar of Ashenzari.
  1537 | D:2      | Learned a level 3 spell: Gell's Gravitas
  1662 | D:2      | Found a hide-covered altar of Uskayaw.
  1662 | D:2      | Noticed a +0 hand axe
  1663 | D:2      | Noticed a +0 hand axe
  1773 | D:2      | Found a deep blue altar of Sif Muna.
  1779 | D:2      | Became a worshipper of Sif Muna the Loreminder
  2831 | D:3      | HP: 1/37 [goblin/stone (4)]
  2837 | D:3      | Shot with a stone by a goblin

Skill      XL: |  1  2  3  4 |
---------------+-------------+-----
Throwing       | 1 |  1.9
Spellcasting   | 2 |  2.1
Armour         | 1 |  1.7
Dodging        | 2 |  2.3
Unarmed Combat | 3 |  3.2
Fighting       | |  2.4
Stealth        | |  0.2
Translocations | |  2.7

Action                   |  1- 3 |  4- 6 || total
-------------------------+-------+-------++-------
Melee: Unarmed           |   112 |    92 ||   204
       Punch             |     2 |       ||     2
Throw: Tomahawk          |     2 |     6 ||     8
       Stone             |    17 |    33 ||    50
 Cast: Blink             |     1 |     1 ||     2
       Shroud of Golubri |       |     2 ||     2
       Gell's Gravitas   |       |     2 ||     2
  Use: Scroll            |     1 |     3 ||     4
       Potion            |       |     2 ||     2
 Stab: Sleeping          |     1 |       ||     1
  Eat: Chunk             |    11 |    12 ||    23
       Ration            |     1 |       ||     1
Armor: Leather armour    |    25 |     9 ||    34
Dodge: Dodged            |    60 |    64 ||   124
